 Dungeon Crawl Stone Soup version 0.22-a0-848-ge9e22a0 (webtiles) character file.

143 Supahsalami the Covered (level 5, 0/32 HPs)
             Began as a Gargoyle Fighter on July 27, 2018.
             Killed by nerve-wracking pain
             ... invoked by an orc priest
              (3 damage)
             ... on level 3 of the Dungeon.
             The game lasted 00:04:33 (2044 turns).

Supahsalami the Covered (Gargoyle Fighter)          Turns: 2044, Time: 00:04:33

Health: 0/32       AC: 17    Str: 21    XL:     5   Next: 25%
Magic:  5/5        EV:  4    Int:  8    God:
Gold:   85         SH:  9    Dex:  9    Spells: 4/4 levels left

rFire    + . .     SeeInvis .   a - +0 flail
rCold    . . .     Gourm    .   c - +0 shield
rNeg     + . .     Faith    .   m - +0 plate armour
rPois    ∞         Spirit   .   (no helmet)
rElec    +         Reflect  .   (no cloak)
rCorr    .         Harm     .   (no gloves)
MR       .....                  b - +0 pair of boots
Stlth    ..........             (no amulet)
HPRegen  0.10/turn              l - ring of protection from fire
MPRegen  0.09/turn              (no ring)

@: no status effects
A: negative energy resistance 1, electricity resistance, unbreathing,
petrification resistance, rot immunity, AC +4
a: no special abilities


You were on level 3 of the Dungeon.
You were not hungry.

You visited 1 branch of the dungeon, and saw 3 of its levels.

You collected 85 gold pieces.

Inventory:

Hand Weapons
 a - a +0 flail (weapon)
Armour
 b - a +0 pair of boots (worn)
 c - a +0 shield (worn)
 m - a +0 plate armour (worn)
Jewellery
 l - a ring of protection from fire (left hand)
Scrolls
 e - a scroll of immolation {unknown}
 g - 2 scrolls of random uselessness {unknown}
 i - a scroll of fog {unknown}
 j - 2 scrolls of remove curse {unknown}
 n - a scroll of amnesia {unknown}
 o - a scroll of enchant weapon {unknown}
 r - 2 scrolls of identify {unknown}
 s - a scroll of blinking {unknown}
Potions
 d - a potion of might
 h - 2 potions of agility {unknown}
 k - 4 potions of brilliance {unknown}
 p - a potion of lignification {unknown}
 q - a potion of haste {unknown}
Comestibles
 f - 8 rations
 t - 7 chunks of flesh


   Skills:
 - Level 3.2 Fighting
 * Level 3.9 Maces & Flails
 + Level 4.2 Armour
 + Level 4.2 Shields


You had 4 spell levels left.
You didn't know any spells.
Your spell library was empty.

Dungeon Overview and Level Annotations

Branches:
Dungeon (3/15)

Altars:
Xom


Innate Abilities, Weirdness & Mutations

You are resistant to torment.
Your stone body is resilient. (AC +4)
You are immune to poison.
You resist negative energy. (rN+)
You are resistant to electric shocks. (rElec)
You can survive without breathing.
You are immune to petrification.
You are immune to rotting.


Message History

The orc priest is lightly wounded.
The orc priest hits you with a club.
You hit the orc priest.
The orc priest is moderately wounded.
You block the orc priest's attack.
You barely miss the orc priest.
The orc priest is moderately wounded.
The orc priest hits you but does no damage.
You closely miss the orc priest.
The orc priest is moderately wounded.
The orc priest mumbles some strange prayers to Beogh against you.
Beogh smites you!
Ouch! That really hurt!
* * * LOW HITPOINT WARNING * * *
The orc priest hits you but does no damage.
Your shield and plate armour prevent you from hitting the orc priest.
The orc priest is moderately wounded.
The orc priest calls down the wrath of Beogh upon you.
Pain shoots through your body!
You die...

#...##..... ##...# ...
. #####....# . .
#.<....### .
.......####<# #.
##########..# .. #...##
.#
#####.###############.#
#.....@o.[..........(..
#....###############(..
#....# #.... ######
...... .....o..
?...K...o. ..........
.....o.... ..........


You could see an orc priest.

Vanquished Creatures
  Jessica (D:3)
  Terence (D:2)
  A gnoll (D:1)
  2 adders
  2 oozes
  2 worms (D:2)
  2 dart slugs (D:1)
  3 giant cockroaches (D:1)
  3 goblins (D:1)
  9 hobgoblins
  2 quokkas (D:2)
  A ball python (D:2)
  7 bats
  4 frilled lizards
  7 kobolds
  5 rats
52 creatures vanquished.

Notes
Turn   | Place    | Note
-------+----------+-------------------------------------------
     0 | D:1      | Supahsalami the Gargoyle Fighter began the quest for the Orb.
     0 | D:1      | Reached XP level 1. HP: 14/14 MP: 1/1
    91 | D:1      | Reached XP level 2. HP: 19/19 MP: 2/2
   241 | D:1      | Reached XP level 3. HP: 22/23 MP: 3/3
   708 | D:2      | Noticed Terence
   719 | D:2      | Killed Terence
   719 | D:2      | Reached XP level 4. HP: 25/28 MP: 4/4
  1128 | D:2      | Found a shimmering altar of Xom.
  1878 | D:3      | Noticed Jessica
  1922 | D:3      | Reached XP level 5. HP: 27/32 MP: 5/5
  1924 | D:3      | Killed Jessica
  2044 | D:3      | Killed from afar by an orc priest

Vault maps used:
D:1:      dpeg_arrival_tiny_k
D:2:      kennysheep_big_flooded_room, nicolae_overflow_crystal_walls,
          first_ration, uniq_terence
D:3:      uniq_ijyb, uniq_jessica

Skill      XL: |  1  2  3  4 |
---------------+-------------+-----
Maces & Flails | 3 |  3.9
Armour         | 4 |  4.2
Shields        | 4 |  4.2
Fighting       | |  3.2

Action                   |  1- 3 |  4- 6 || total
-------------------------+-------+-------++-------
Melee: Flail             |   105 |   183 ||   288
  Eat: Chunk             |       |     4 ||     4
Armor: Scale mail        |    78 |     2 ||    80
       Plate armour      |       |   147 ||   147
Dodge: Dodged            |    39 |    37 ||    76
Block: Shield            |    57 |   120 ||   177

Table legend:
 A = Spawn XP
 B = Non-spawn XP
 C = Spawn XP percentage of total XP
 D = Spawn monster count
 E = Non-spawn monster count
 F = Spawn count percentage of total count
 G = Total turns spent on level
                    A         B        C        D         E        F      G
               +---------+---------+-------+---------+---------+-------+---------
         Total |       0 |     205 |   0.0 |       0 |      52 |   0.0 |  2044
               +---------+---------+-------+---------+---------+-------+---------
           D:1 |       0 |      60 |   0.0 |       0 |      22 |   0.0 |   694
           D:2 |       0 |      88 |   0.0 |       0 |      23 |   0.0 |  1117
           D:3 |       0 |      57 |   0.0 |       0 |       7 |   0.0 |   233
               +---------+---------+-------+---------+---------+-------+---------
